 Dungeon Crawl Stone Soup version 0.17-a0-1632-g0af21bd (webtiles) character file.

51 Oddball22 the Chiller (level 3, -2/19 HPs)
             Began as a Deep Elf Ice Elementalist on Aug 3, 2015.
             Killed from afar by Sigmund (7 damage)
             ... with a magic dart
             ... on level 2 of the Dungeon.
             The game lasted 00:05:29 (1758 turns).

Oddball22 the Chiller (Deep Elf Ice Elementalist)   Turns: 1758, Time: 00:05:29

Health: -2/19      AC:  3    Str:  5    XL:     3   Next: 57%
Magic:  1/10       EV: 13    Int: 20    God:
Gold:   59         SH:  0    Dex: 15    Spells: 3 memorised, 3 levels left

rFire  . . .     SeeInvis .     (no weapon)
rCold  . . .     Clarity  .     a - +0 robe
rNeg   . . .     SustAt   .     (no shield)
rPois  .         Gourm    .     d - +0 helmet
rElec  .         Spirit   .     (no cloak)
rCorr  .         Warding  .     (no gloves)
rMut   .         Stasis   .     (no boots)
MR     +....                    (no amulet)
Stlth  ++........               (no ring)
                                i - ring of protection from magic

@: somewhat resistant to hostile enchantments, unstealthy
A: no striking features
a: no special abilities


You were on level 2 of the Dungeon.
You were not hungry.

You visited 1 branch of the dungeon, and saw 2 of its levels.

You collected 59 gold pieces.

Inventory:

Armour
 a - a +0 robe (worn)
 d - a +0 helmet (worn)
Jewellery
 i - a ring of protection from magic (left hand)
Scrolls
 e - 2 scrolls of identify {unknown}
 f - 2 scrolls of teleportation {unknown}
Potions
 h - 2 potions of lignification {unknown}
 l - a potion of poison {unknown}
Books
 b - a book of Frost

   Spells                             Type                      Level
   a - Freeze                         Ice                          1
   b - Throw Frost                    Conjuration/Ice              2
   c - Ozocubu's Armour               Charms/Ice                   3
   d - Throw Icicle                   Conjuration/Ice              4
   e - Summon Ice Beast               Ice/Summoning                4
   f - Condensation Shield            Ice                          4
Comestibles
 c - 2 bread rations
 g - a meat ration
 j - 2 chunks of flesh
 k - 2 beef jerkies
 m - a royal jelly


   Skills:
 + Level 3.0 Dodging
 - Level 2.4 Stealth
 + Level 3.7 Spellcasting
 + Level 1.3 Conjurations
 * Level 4.2 Ice Magic


You had 3 spell levels left.
You knew the following spells:

 Your Spells              Type           Power        Failure   Level  Hunger
a - Freeze                Ice            ###.         2%          1    None
b - Throw Frost           Conj/Ice       ###...       10%         2    ##.....
c - Ozocubu's Armour      Chrm/Ice       ##......     17%         3    ###....


Dungeon Overview and Level Annotations

Branches:
Dungeon (2/15)

Altars:

Annotations:
D:2 Sigmund


Message History

Confirm with . or Enter, or press ? or * to list all spells.
Aiming: Freeze
Press: ? - help, Shift-Dir - straight line, f/p - Sigmund
Aim: Sigmund, wielding a scythe and wearing a robe (heavily wounded)
You freeze Sigmund.
Sigmund is severely wounded.
Sigmund closely misses you.
Casting: Freeze
Confirm with . or Enter, or press ? or * to list all spells.
Aiming: Freeze
Press: ? - help, Shift-Dir - straight line, f/p - Sigmund
Aim: Sigmund, wielding a scythe and wearing a robe (severely wounded)
You freeze Sigmund.
Sigmund is almost dead.
Sigmund hits you with a scythe!
Ouch! That really hurt!
* * * LOW HITPOINT WARNING * * *
Sigmund gestures at you while chanting. The magic dart hits you!
You die...

......##.##..#####.#..........
.......#.###.........#.########
.......#.###..####.#.#.........
###....#.............#..[...##
####......###.########..###.#
..........# #.## #....# ..
..........# #..########.#.#### ##
.........## ##.#....# #.#....#...
......##.#####..@...###.####.#..#
......##...........@.............
......#########......##.#.##.#...
......# #.####+##.#.##.#...
....(.# #.# ..# ##@# ## ......#
#.## ............ ......# #..#
.......####. ......# ##.# .......
####### #.## #......


You could see Sigmund.

Vanquished Creatures
  An ooze (D:1)
  A giant gecko (D:2)
  A ball python (D:1)
  5 giant cockroaches (D:1)
  2 goblins
  9 hobgoblins
  10 kobolds
  5 bats
  2 giant newts (D:2)
  6 rats
42 creatures vanquished.

Notes
Turn   | Place    | Note
--------------------------------------------------------------
     0 | D:1      | Oddball22 the Deep Elf Ice Elementalist began the quest for the Orb.
     0 | D:1      | Reached XP level 1. HP: 10/10 MP: 6/6
   186 | D:1      | Reached XP level 2. HP: 15/15 MP: 4/8
   418 | D:1      | Learned a level 2 spell: Throw Frost
   488 | D:1      | Reached skill level 4 in Ice Magic
   705 | D:1      | Reached XP level 3. HP: 19/19 MP: 8/10
   738 | D:1      | Learned a level 3 spell: Ozocubu's Armour
  1728 | D:2      | Noticed Sigmund
  1758 | D:2      | Killed from afar by Sigmund

Vault maps used:
D:1:      dpeg_arrival_line_fractal, serial_forest,
          infiniplex_forest_clump_small, infiniplex_forest_lined_room_3,
          infiniplex_forest_straight_4, infiniplex_forest_lined_2,
          infiniplex_forest_clump_small, infiniplex_forest_clump_C,
          infiniplex_forest_corner_1, infiniplex_forest_lined_1,
          grunt_decor_one_mirror
D:2:      first_bread, grunt_ministairs_14, minmay_close_crescents, uniq_sigmund

Action                   || total
-------------------------++-------
Melee: Unarmed           ||     3
 Cast: Freeze            ||    56
       Throw Frost       ||    11
  Eat: Chunk             ||     3
